 Dungeon Crawl Stone Soup version 0.31-a0-1589-g8f5e8aebd6 (webtiles) character file.

Game seed: 4695398574353098769

6 Laraso the Sneak (level 1, -1/18 HPs)
             Began as an Armataur Delver on Jan 5, 2024.
             Slain by an ogre
             ... wielding a +0 giant club
              (19 damage)
             ... on level 4 of the Dungeon.
             The game lasted 00:00:28 (84 turns).

Laraso the Sneak (Armataur Delver)                    Turns: 84, Time: 00:00:29

Health: -1/18      AC:  4    Str: 17    XL:     1   Next: 75%
Magic:  1/1        EV:  9    Int: 10    God:
Gold:   0          SH:  0    Dex: 11    Spells: 0/0 levels left

rFire   . . .        a - +0 mace
rCold   . . .        (no shield)
rNeg    . . .        b - +0 leather armour
rPois   .            (no helmet)
rElec   .            (no cloak)
rCorr   .            (no gloves)
SInv    .            (no barding)
Will    .....        (no amulet)
Stlth   +++          (no ring)
HPRegen 0.23/turn    (no ring)
MPRegen 0.07/turn

%: roll
@: no status effects
A: large, deformed body, tough skin 3, armoured tail, roll 1
a: no special abilities


You were on level 4 of the Dungeon.
You visited 1 branch of the dungeon, and saw 2 of its levels.

Inventory:

Hand Weapons
 a - a +0 mace (weapon)
Armour
 b - a +0 leather armour (worn)
Wands
 g - a wand of digging (3)
Scrolls
 c - a scroll of fog
 d - a scroll of revelation
 e - a scroll of fear
 h - a scroll of immolation {unknown}
Potions
 f - a potion of haste


   Skills:
 - Level 2.6 Fighting
 * Level 2.3 Maces & Flails
 - Level 1.3 Dodging
 - Level 5.4 Stealth


You couldn't memorise any spells.
You didn't know any spells.
Your spell library was empty.

Dungeon Overview and Level Annotations

Branches:
Dungeon (5/15)
 Temple: D:4-7

Altars:


Innate Abilities, Weirdness & Mutations

Armour fits poorly on your strangely shaped body.
You have extremely tough skin. (AC +3)
You have a long armoured tail.
You regenerate magic when rolling toward enemies. (Rampage MPRegen)


Message History

An ogre comes into view. It is wielding a +0 giant spiked club.
You roll towards the ball python!
You completely miss the ball python.
Your tail-slap misses the ball python.
The ball python bites you but does no damage.
You barely miss the ball python. The ball python barely misses you. x2
Unknown command.
The ball python barely misses you.
You barely miss the ball python. The ball python closely misses you.
The ball python barely misses you.
You hit the ball python. Your punch misses the ball python.
The ball python is heavily wounded.
The ball python closely misses you.
You closely miss the ball python.
Your tail-slap misses the ball python.
The ball python is heavily wounded.
The ball python bites you but does no damage.
The ball python barely misses you.
You closely miss the ball python.
The ball python is heavily wounded.
The ball python bites you.
You hit the ball python.
You kill the ball python!
No target in view!
You start resting.
HP restored.
A wight comes into view. It is wielding a +3 mace.
The wight moves out of view.
The hobgoblin shouts!
You hear a shout!
You barely miss the hobgoblin. You tail-slap the hobgoblin.
The hobgoblin is almost dead.
The hobgoblin hits you.
You hit the hobgoblin.
You kill the hobgoblin!
No target in view!
An ogre comes into view. It is wielding a +0 giant club.
You see here a hobgoblin corpse.
An ogre is nearby!
The ogre attacks as it pursues you!
The ogre hits you with a +0 giant club!!
Ouch! That really hurt!
You die...

#. ###.....#
##.###.#..8..#.
...............
#....g.....gg #......$...#
##############....>.....#
O.....^....)............#
#.........#######........#
#........@.# #........#
#.........O### ##.......#
#............#####........
#.......†..#.#..†......!..
#..........#...###........
##........##..## #.##.##
##......###### # ########


You could see an ogre.

Vanquished Creatures
  2 goblins (D:4)
  A hobgoblin (D:4)
  2 ball pythons (D:4)
5 creatures vanquished.

Notes
Turn   | Place    | Note
-------+----------+-------------------------------------------
     0 | D:5      | Laraso the Armataur Delver began the quest for the Orb.
     0 | D:5      | Reached XP level 1. HP: 18/18 MP: 1/1
    50 | D:4      | Noticed an ogre
    70 | D:4      | Noticed a wight
    77 | D:4      | Noticed an ogre
    84 | D:4      | Slain by an ogre

Illustrated notes

Levels and vault maps discovered:
D:4:      layout_rooms, slow_altar_2, lemuel_tele_altar,
          nicolae_yredelemnul_ghost_church, serial_shops, shop, minivault_19
D:5:      layout_basic, minmay_temple_entry_nine_rooms, ebering_ghost_sewer_d,
          cheibrodos_sewer_entry_sluice, dreamdust_wishing_well,
          hangedman_decor_clover_reticule

Skill      XL: |  1 |
---------------+----+-----
Maces & Flails | 2 |  2.3
Fighting       | |  2.6
Dodging        | |  1.3
Stealth        | |  5.4

Action                     || total
---------------------------++-------
  Melee: Mace              ||    16
         Tailslap          ||     2
 Armour: Leather armour    ||    10
  Dodge: Dodged            ||    10

Table legend: (Time is in decaauts)
 A = Elapsed time spent in this place.
 B = Non-inter-level travel time spent in this place.
 C = Inter-level travel time spent in this place.
 D = Time resting spent in this place.
 E = Time spent auto-exploring this place.
 F = Levels seen in this place.
 G = Mean time per level.
                   A        B        C        D        E       F      G
               +--------+--------+--------+--------+--------+-----+--------+
         Total |     88 |     88 |      0 |     10 |      0 |   2 |   44.0 |
       Dungeon |     88 |     88 |      0 |     10 |      0 |   2 |   44.0 |
               +--------+--------+--------+--------+--------+-----+--------+

Top non-repeatable levels by time:
     D:4: 70 daAuts
     D:5: 18 daAuts
